 Dungeon Crawl Stone Soup version 0.28.0-1-gb440e238dd (webtiles) character file.

Game seed: 12017059359623570362

22302 zeram the Basher (level 12, -4/77 HPs)
             Began as a Gargoyle Fighter on Feb 26, 2022.
             Was an Initiate of Yredelemnul.
             Engulfed by a fire crab's flame (15 damage)
             ... on level 3 of the Lair of Beasts.
             The game lasted 00:22:30 (15429 turns).

zeram the Basher (Gargoyle Fighter)                Turns: 15429, Time: 00:22:30

Health: -4/77      AC: 29    Str: 29    XL:     12   Next: 99%
Magic:  5/5        EV:  9    Int: 19    God:    Yredelemnul [......]
Gold:   998        SH:  9    Dex:  4    Spells: 11/11 levels left

rFire   . . .      SeeInvis .   N - +8 long sword "Zomakec" {antimagic, *Slow rCorr Int+8 Dex-5}
rCold   . . .      Faith    .   c - +0 buckler
rNeg    + . .      Spirit   .   g - +1 storm dragon scales
rPois   ∞          Reflect  +   h - +0 helmet
rElec   +          Harm     .   t - +1 cloak
rCorr   +          Rampage  .   (no gloves)
Will    .....                   u - +0 pair of boots
Stlth   ..........              p - amulet of reflection
HPRegen 0.22/turn               j - +6 ring of strength
MPRegen 0.09/turn               o - ring of resist corrosion

@: no status effects
A: sickness immunity, AC +8, negative energy resistance 1, electricity
resistance, torment resistance 1, petrification resistance
a: Renounce Religion, Recall Undead Harvest


You were on level 3 of the Lair of Beasts.
You worshipped Yredelemnul.
Yredelemnul was noncommittal.
You visited 3 branches of the dungeon, and saw 14 of its levels.

You collected 998 gold pieces.

Inventory:

Hand Weapons
 a - a +0 vorpal flail
 e - the +2 great mace of the Screaming Pariah {pain, Fly Str+2 SInv}
   (You acquired it on level 2 of the Dungeon)

   In the hands of one skilled in necromantic magic, it inflicts extra damage on
   living creatures.
   Str:       It affects your strength (+2).
   SInv:      It lets you see invisible.
   Fly:       It grants you flight.
 N - the +8 long sword "Zomakec" (weapon) {antimagic, *Slow rCorr Int+8 Dex-5}
   (You found it on level 3 of the Lair of Beasts)

   It reduces the magical energy of the wielder, and disrupts the spells and
   magical abilities of those it strikes.
   Natural abilities and divine invocations are not affected.
   Int:       It affects your intelligence (+8).
   Dex:       It affects your dexterity (-5).
   rCorr:     It protects you from acid and corrosion.
   *Slow:     It may slow you when you take damage.
Missiles
 v - 18 poisoned darts (quivered)
Armour
 b - a +0 scale mail
 c - a +0 buckler (worn)
 g - +1 storm dragon scales (worn)
 h - a +0 helmet (worn)
 t - a +1 cloak (worn)
 u - a +0 pair of boots (worn)
 J - a +0 pair of gloves of stealth
Jewellery
 d - a ring of protection from fire
 j - a +6 ring of strength (left hand)
 o - a ring of resist corrosion (right hand)
 p - an amulet of reflection (around neck)
 s - a ring of magical power
 D - an amulet of regeneration
 I - a ring of resist corrosion
 K - the amulet of Secrets {Faith Rampage rC- rN+++ Stlth+}
   (You found it on level 3 of the Lair of Beasts)

   [amulet of faith]

   It allows you to gain divine favour quickly.
   rC:        It makes you vulnerable to cold.
   rN:        It renders you almost immune to negative energy.
   Rampage:   It bestows one free step when moving towards enemies.
   Stlth:     It makes you more stealthy.
 L - a ring of ice
Wands
 m - a wand of charming (20)
 y - a wand of polymorph (11)
 E - a wand of iceblast (23)
 O - a wand of acid (4)
Scrolls
 n - 4 scrolls of teleportation
 x - 2 scrolls of summoning
 B - 2 scrolls of fog
Potions
 f - a potion of magic
 i - 5 potions of mutation
 k - 5 potions of brilliance
 l - 2 potions of curing
 q - 2 potions of berserk rage {unknown}
 r - a potion of cancellation {unknown}
 w - 2 potions of resistance
 z - 4 potions of degeneration
 A - 2 potions of lignification
 C - 3 potions of flight {unknown}
 F - a potion of invisibility {unknown}
 G - a potion of attraction {unknown}
 H - 2 potions of might


   Skills:
 + Level 10.0 Fighting
 + Level 14.4 Maces & Flails
 + Level 10.3 Armour
 + Level 2.9 Dodging
 + Level 7.1 Shields
 * Level 7.9 Invocations
 + Level 0.9 Evocations


You had 11 spell levels left.
You didn't know any spells.
Your spell library contained the following spells:

 Spells                   Type           Power      Damage    Failure   Level
 Pain                     Necr           0%         1d4       71%         1
 Blink                    Tloc           0%         N/A       83%         2
 Wereblood                Tmut           0%         N/A       83%         2
 Gell's Gravitas          Tloc           0%         N/A       97%         3
 Lesser Beckoning         Tloc           0%         N/A       97%         3
 Stone Arrow              Conj/Erth      0%         3d7       97%         3
 Teleport Other           Tloc           0%         N/A       97%         3
 Animate Armour           Summ/Erth      0%         N/A       100%        4
 Agony                    Necr           0%         N/A       100%        5
 Excruciating Wounds      Necr           0%         N/A       100%        5
 Manifold Assault         Tloc           0%         N/A       100%        5
 Storm Form               Tmut/Air       0%         N/A       100%        7
 Summon Hydra             Summ           0%         N/A       100%        7
 Lehudib's Crystal Spear  Conj/Erth      0%         10d2      100%        8
 Sublimation of Blood     Necr           Unusable   N/A       N/A         2

Dungeon Overview and Level Annotations

Branches:
Dungeon (10/15)            Temple (1/1) D:7            Lair (3/6) D:8
  Swamp (0/4) Lair:2
  Snake: Lair:2-4    Spider: Lair:2-4       Orc: D:9-12

Altars:
Cheibriados
Dithmenos
Elyvilon
Fedhas
Gozag
Hepliaklqana
Kikubaaqudgha
Makhleb
Nemelex Xobeh
Okawaru
Qazlal
Ru
Sif Muna
Trog
Uskayaw
Vehumet
Wu Jian
Xom
Yredelemnul
Zin
The Shining One

Shops:
D:2 ?   D:4 =   D:8 *

Portals:
Abyss: D:3

Annotations:
D:3 2 transporters, GamerJuice's ghost, weakling DDHu


Innate Abilities, Weirdness & Mutations

You are immune to sickness and miasma.
Your stone body is resilient. (AC +8)
You are immune to poison.
You resist negative energy. (rN+)
You are resistant to electric shocks. (rElec)
You are resistant to unholy torment.
You are immune to petrification.


Message History

The fire bat bites you.
You are engulfed in flames.
The fire elemental barely misses you. x2
The fire crab breathes flames at you.
The blast of flame engulfs you but does no damage.
You are engulfed in blazing flames.
* * * LOW HITPOINT WARNING * * *
The fire elemental closely misses you. You block the fire elemental's attack.
The fire bat barely misses you.
There is a transporter here.
Okay, then.
You enter the transporter and appear at another place.
The fire bat bites you but does no damage.
The fire elemental barely misses you. The fire bat bites you.
* * * LOW HITPOINT WARNING * * *
You are engulfed in flames!
* * * LOW HITPOINT WARNING * * *
The fire crab bites you but does no damage.
The fire crab claws you but does no damage.
The fire elemental barely misses you. The fire elemental hits you.
The fire elemental burns you!
* * * LOW HITPOINT WARNING * * *
Unknown command.
You feel better.
The fire bat bites you but does no damage.
You block the fire elemental's attack. The fire crab barely misses you.
The fire crab claws you but does no damage.
The fire elemental hits you.
You feel better. You block the fire bat's attack.
You block the fire elemental's attack. The fire elemental barely misses you.
The fire crab breathes flames at you. The blast of flame misses you.
The fire bat bites you but does no damage.
The fire elemental hits you. The fire elemental burns you!
* * * LOW HITPOINT WARNING * * *
As you read the scroll of fear, it crumbles to dust.
You assume a fearsome visage.
The fire elemental is unaffected. x2
The fire crab looks frightened!
The fire bat looks frightened!
You are engulfed in blazing flames.
You die...
Your body rises from the dead as a mindless zombie.

##..##########
#######......###
##..PZ#P.##.###.##.#......##
#.^.Z.ZZ.ZZ................#
##....Z#########.......#.####
..########.....#........##
#.#.°.○○○#.°..○#......###
..#.○○○○○#..☼○.#○○○..(#
..#.°#.#.'..☼)?#EE○####
.©#°○©...'○.○.t#@b○#
..#°.#.#.'..°.$#t○.#
.##○.°○°○#..○°.##○##
###○.°○○○#.○..☼###.#
#.########.....# ### #.#
##.#.####### ..###.#....#
...###.....# ......≈≈≈..#


You could see 2 fire crabs, 2 fire elementals and a fire bat (fleeing).

Vanquished Creatures
  3 hydras
  A two-headed ogre (D:8)
  Sonja (Lair:2)
  A manticore (D:8)
  8 cane toads
  5 komodo dragons
  A hornet (D:9)
  A tyrant leech (Lair:2)
  5 polar bears
  2 wyverns (D:8)
  16 yaks
  2 shadows
  A basilisk (Lair:2)
  3 vampire mosquitoes (D:10)
  A steam dragon (D:9)
  An acid dragon (D:9)
  A cane toad zombie (Lair:3)
  3 swamp worms (Lair:2)
  8 water moccasins
  Duvessa (D:5)
  2 orc warriors
  A sky beast (D:6)
  4 black bears
  A hornet zombie (D:6)
  2 ice beasts
  2 necrophages (D:6)
  2 ogres
  4 centaurs
  5 wolves (Lair:2)
  A phantom (D:4)
  A kobold brigand (D:7)
  14 bullfrogs
  4 scorpions
  Dowan (D:5)
  3 wights
  11 killer bees
  An electric eel (Lair:3)
  A howler monkey (D:8)
  2 bullfrog zombies
  5 centaur zombies
  3 hounds
  6 jellies
  A gnoll shaman (D:7)
  2 iguanas
  13 orc wizards
  A killer bee zombie (D:9)
  A hound zombie (D:5)
  A hound skeleton (D:4)
  A howler monkey skeleton (D:6)
  A howler monkey zombie (D:6)
  7 adders
  5 gnolls (D:7)
  3 shadow imps
  A white imp (D:5)
  An adder skeleton (D:4)
  A worm (D:2)
  21 orcs
  A bat (D:1)
  7 endoplasms
  4 giant cockroaches
  4 goblins
  4 hobgoblins
  12 kobolds
  5 quokkas
  5 ball pythons
  2 frilled lizards
  An orc zombie (D:9)
  2 rats (D:1)
248 creatures vanquished.

Vanquished Creatures (collateral kills)
  2 cane toads
  A rime drake (Lair:2)
  A polar bear (Lair:1)
  10 yaks
  A wyvern (Lair:2)
  3 basilisks
  A swamp worm (Lair:2)
  2 water moccasins (Lair:3)
  4 black bears
  A wolf (Lair:2)
  2 bullfrogs (Lair:3)
  A wight (D:8)
  An electric eel (Lair:3)
  An orc wizard (D:9)
  3 orcs
  An orc zombie (D:9)
35 creatures vanquished.

Vanquished Creatures (others)
  A swamp worm zombie (Lair:2)
  A hydra zombie (Lair:3)
  4 cane toad zombies
  A komodo dragon zombie (Lair:2)
  A wyvern zombie (Lair:2)
  A water moccasin zombie (Lair:1)
  2 polar bear zombies
  6 yak zombies
  4 wolf zombies (Lair:2)
  5 bullfrog zombies
  A black bear zombie (Lair:1)
  2 killer bee zombies
  An acid dragon zombie (D:9)
  An iguana zombie (Lair:2)
  5 orc zombies (D:9)
  25 fungi
  46 plants
107 creatures vanquished.

Grand Total: 390 creatures vanquished

Notes
Turn   | Place    | Note
-------+----------+-------------------------------------------
     0 | D:1      | zeram the Gargoyle Fighter began the quest for the Orb.
     0 | D:1      | Reached XP level 1. HP: 14/14 MP: 1/1
   112 | D:1      | Found a faded altar of an unknown god.
   674 | D:1      | Reached XP level 2. HP: 19/19 MP: 2/2
  1218 | D:2      | Reached XP level 3. HP: 24/24 MP: 3/3
  1386 | D:2      | Found Igyepsy's Magic Scroll Shoppe.
  2249 | D:2      | Identified a scroll of acquirement
  2249 | D:2      | Acquired the +2 great mace of the Screaming Pariah {pain,
                  | Fly Str+2 SInv}
  2356 | D:3      | Reached XP level 4. HP: 29/29 MP: 4/4
  2383 | D:3      | Noticed a scorpion
  2387 | D:3      | Killed a scorpion
  2388 | D:3      | Reached skill level 3 in Maces & Flails
  2388 | D:3      | Reached XP level 5. HP: 31/33 MP: 5/5
  2463 | D:3      | Noticed a small abomination
  2465 | D:3      | Found a transporter.
  2466 | D:3      | Noticed GamerJuice's ghost (weakling DDHu)
  2516 | D:3      | Noticed a kobold brigand
  2517 | D:3      | Found a transporter.
  2752 | D:3      | Found a one-way gate to the infinite horrors of the Abyss.
  3042 | D:4      | Noticed a black bear
  3047 | D:4      | Noticed a phantom
  3048 | D:4      | Killed a black bear
  3049 | D:4      | Reached skill level 4 in Maces & Flails
  3049 | D:4      | Reached XP level 6. HP: 38/38 MP: 6/6
  3104 | D:4      | Found Irhehu's Jewellery Shoppe.
  3675 | D:5      | Entered Level 5 of the Dungeon
  3685 | D:5      | Reached skill level 5 in Maces & Flails
  3685 | D:5      | Reached skill level 5 in Armour
  3685 | D:5      | Reached XP level 7. HP: 42/44 MP: 7/7
  3743 | D:5      | Reached skill level 1 in Dodging
  3991 | D:5      | Reached skill level 6 in Maces & Flails
  4351 | D:5      | Reached skill level 5 in Fighting
  4628 | D:5      | Reached XP level 8. HP: 45/49 MP: 8/8
  5021 | D:5      | Reached skill level 7 in Maces & Flails
  5086 | D:6      | Noticed Duvessa
  5086 | D:6      | Noticed Dowan
  5099 | D:5      | Killed Duvessa
  5105 | D:5      | Killed Dowan
  5599 | D:6      | Reached skill level 8 in Maces & Flails
  5794 | D:6      | Reached XP level 9. HP: 50/55 MP: 9/9
  5977 | D:6      | Reached skill level 9 in Maces & Flails
  6489 | D:7      | Reached skill level 10 in Maces & Flails
  6891 | D:7      | Found a staircase to the Ecumenical Temple.
  6918 | Temple   | Entered the Ecumenical Temple
  7344 | Temple   | Became a worshipper of Yredelemnul the Dark
  7421 | D:7      | Reached XP level 10. HP: 63/63 MP: 10/10
  7493 | D:8      | Found Sauwkidy's Elemental Accessories.
  7666 | D:8      | Noticed a manticore
  7684 | D:8      | Killed a manticore
  7684 | D:8      | Reached * piety under Yredelemnul
  7685 | D:8      | Reached skill level 1 in Invocations
  7939 | D:8      | Reached skill level 5 in Shields
  7990 | D:8      | Reached ** piety under Yredelemnul
  7991 | D:8      | Reached skill level 11 in Maces & Flails
  8100 | D:8      | Found a staircase to the Lair.
  8119 | D:8      | Reached *** piety under Yredelemnul
  9266 | D:9      | Noticed a two-headed ogre
  9292 | D:9      | HP: 2/64 [killer bee (2)]
  9598 | D:8      | Killed a two-headed ogre
  9870 | D:9      | Reached XP level 11. HP: 46/68 MP: 13/13
 10104 | D:10     | Entered Level 10 of the Dungeon
 10113 | D:10     | Reached skill level 12 in Maces & Flails
 10192 | D:10     | Noticed a two-headed ogre
 10235 | Lair:1   | Entered Level 1 of the Lair of Beasts
 10812 | Lair:1   | Reached skill level 5 in Invocations
 11043 | Lair:1   | Reached **** piety under Yredelemnul
 11149 | Lair:1   | Reached ***** piety under Yredelemnul
 11387 | Lair:1   | Reached skill level 13 in Maces & Flails
 11692 | Lair:1   | Reached XP level 12. HP: 74/76 MP: 16/16
 12655 | Lair:2   | Noticed Sonja
 12664 | Lair:2   | Killed Sonja
 13288 | Lair:2   | Reached skill level 10 in Armour
 13319 | Lair:2   | Noticed a five-headed hydra
 13319 | Lair:2   | Noticed a six-headed hydra
 13730 | Lair:2   | Found a staircase to the Swamp.
 13737 | Lair:2   | Killed a six-headed hydra
 13940 | Lair:2   | Killed a five-headed hydra
 14304 | Lair:3   | Reached skill level 14 in Maces & Flails
 14445 | Lair:3   | Found a transporter.
 14560 | Lair:3   | Noticed a five-headed hydra
 14567 | Lair:3   | Killed a five-headed hydra
 14747 | Lair:3   | Reached skill level 10 in Fighting
 14747 | Lair:3   | Reached ****** piety under Yredelemnul
 14788 | Lair:3   | Found a dark tunnel.
 14898 | Lair:3   | Identified the +8 long sword "Zomakec" {antimagic, *Slow
                  | rCorr Int+8 Dex-5}
 15121 | Lair:3   | Found a transporter.
 15423 | Lair:3   | Identified the amulet of Secrets {Faith Rampage rC- rN+++
                  | Stlth+}
 15426 | Lair:3   | HP: 1/77 [fire elemental (3)]
 15429 | Lair:3   | Engulfed by a fire crab's flame

Illustrated notes

Levels and vault maps discovered:
D:1:      dpeg_arrival_shelter, layout_basic, ebering_ecumenical_altar_ruins,
          kennysheep_crisscross
D:2:      layout_basic, serial_shops, shop_scrolls
D:3:      layout_loops_ring, gammafunk_ghost_abyssal_escape
D:4:      layout_cave_pods, serial_shops, nicolae_take_the_stairs,
          grunt_ministairs_12
D:5:      layout_loops_corners, minmay_misc_feat_more_columns
D:6:      cheibrodos_barr_body, layout_cave_pods, uniq_duvessa
D:7:      layout_basic, minmay_temple_entry_mini_moons
D:8:      layout_cave_pods, dpeg_oklobed_lair, nicolae_elemental_shop,
          minmay_misc_feat_diagonals
D:9:      nicolae_cairo_tiling_very_big, layout_rooms, minmay_puff
D:10:     layout_loops_ring, mainiacjoe_overflow_boulevard, disabler_island,
          uniq_josephine, uniq_joseph
Temple:   mainiacjoe_temple_trianglar_array
Lair:1:   beast_lair_carwin_large_1, layout_chaotic_city, ldierk_geyser
Lair:2:   layout_cave_pods, palyth_hydra_swamp_entry, uniq_sonja
Lair:3:   gammafunk_cloud_chamber, layout_cave_pods, enter_volcano_1,
          beast_lair_carwin_7, serial_bayou_shore_a, infiniplex_staircase_pool

Skill      XL: |  1  2  3  4  5  6  7  8  9 10 11 12 |
---------------+-------------------------------------+-----
Armour         | 4 5 6 8 9 10 | 10.3
Fighting       | 4 5 6 7 8 9 10 | 10.0
Maces & Flails | 3 4 5 6 8 10 11 13 14 | 14.4
Dodging        | 1 2 |  2.9
Shields        | 4 5 6 7 |  7.1
Invocations    | 3 6 7 |  7.9
Evocations     | |  0.9

Action                   |  1- 3 |  4- 6 |  7- 9 | 10-12 || total
-------------------------+-------+-------+-------+-------++-------
Melee: Flail             |    87 |     1 |       |       ||    88
       Great mace        |       |    49 |   278 |   460 ||   787
Throw: Dart              |       |       |       |     1 ||     1
Evoke: Wand              |       |       |       |    10 ||    10
  Use: Scroll            |     5 |       |     5 |    17 ||    27
       Potion            |       |     1 |       |    11 ||    12
 Stab: Distracted        |       |       |       |     2 ||     2
Armor: Scale mail        |    17 |       |       |       ||    17
       Storm dragon scal |    29 |    49 |   220 |   461 ||   759
Dodge: Dodged            |    41 |    25 |   153 |   263 ||   482
Block: Buckler           |    16 |       |       |    13 ||    29
       Other             |       |       |    58 |   155 ||   213
       Reflection        |       |       |       |     4 ||     4
